 Dungeon Crawl Stone Soup version 0.24.0-124-g2791043dd8 (webtiles) character file.

Game seed: 9743817762303097244, levelgen mode: deterministic

24665 Peloso the Carver (level 12, -2/96 HPs)
             Began as a Minotaur Fighter on Feb 14, 2020.
             Was the Champion of Okawaru.
             Engulfed by a cloud of freezing vapour (12 damage)
             ... on level 2 of the Lair of Beasts.
             The game lasted 00:42:21 (15392 turns).

Peloso the Carver (Minotaur Fighter)               Turns: 15392, Time: 00:42:22

Health: -2/96      AC: 29    Str: 28    XL:     12   Next: 82%
Magic:  10/12      EV: 14    Int:  8    God:    Okawaru [******]
Gold:   891        SH:  9    Dex: 17    Spells: 11/11 levels left

rFire    . . .     SeeInvis .   a - +2 scimitar (flame)
rCold    . . .     Gourm    .   c - +0 buckler "Qein" {Str+3} (curse)
rNeg     . . .     Faith    +   M - +0 plate armour
rPois    +         Spirit   .   (helmet restricted)
rElec    .         Reflect  .   t - +2 cloak {rPois}
rCorr    +         Harm     .   P - +0 pair of gloves
MR       .....                  h - +4 pair of boots of the Unbroken {Int+3 Dex+6}
Stlth    ..........             B - amulet of faith
HPRegen  0.26/turn              e - ring of flight
MPRegen  0.13/turn              g - ring of resist corrosion

@: heroism, flying (expiring)
A: retaliatory headbutt, horns 2, frail 1
a: Heroism, Finesse, Renounce Religion, Stop Flying


You were on level 2 of the Lair of Beasts.
You worshipped Okawaru.
Okawaru was exalted by your worship.
You were near starving.

You visited 3 branches of the dungeon, and saw 15 of its levels.
You also visited: Sewer and Bailey.

You collected 1140 gold pieces.
You spent 249 gold pieces at shops.

Inventory:

Hand Weapons
 a - a +2 scimitar of flaming (weapon)
 b - the +1 great sword of Skirmishing {speed, rC+, unknown}
   (Okawaru gifted it to you on level 2 of the Lair of Beasts)

   Attacks with this weapon are significantly faster.
   It protects you from cold.
Armour
 c - the cursed +0 buckler "Qein" (worn) {Str+3}
   (You bought it in a shop on level 11 of the Dungeon)

   It affects your strength (+3).
   It has a curse placed upon it.
 h - the +4 pair of boots of the Unbroken (worn) {Int+3 Dex+6}
   (You found it on level 10 of the Dungeon)

   It affects your intelligence (+3).
   It affects your dexterity (+6).
 t - a +2 cloak of poison resistance (worn)
 M - a +0 plate armour (worn)
 P - a +0 pair of gloves (worn)
Jewellery
 e - a ring of flight (left hand)
 g - a ring of resist corrosion (right hand)
 o - an uncursed ring of magical power {unknown}
 B - an amulet of faith (around neck)
 Q - an uncursed amulet of regeneration {unknown}
Wands
 l - a wand of clouds (5)
 s - a wand of random effects (52)
 u - a wand of paralysis (9)
 v - a wand of disintegration (24)
 z - a wand of acid (11)
Scrolls
 d - a scroll of magic mapping
 i - 6 scrolls of teleportation
 k - 3 scrolls of amnesia {unknown}
 m - 9 scrolls of remove curse
 n - 2 scrolls of noise
 p - a scroll of fog {unknown}
 q - a scroll of enchant armour
 y - 3 scrolls of identify
 H - 2 scrolls of blinking {unknown}
 I - 3 scrolls of fear {unknown}
 L - a scroll of immolation {unknown}
 N - a scroll of brand weapon {unknown}
 O - 3 scrolls of random uselessness {unknown}
Potions
 j - a potion of resistance {unknown}
 r - a potion of berserk rage
 w - 7 potions of flight
 F - a potion of brilliance {unknown}
 G - 2 potions of haste
 S - 2 potions of curing
Comestibles
 f - 29 rations


   Skills:
 + Level 10.5(15.5) Fighting
 + Level 14.4(19.4) Long Blades
 + Level 12.1(17.1) Armour
 + Level 5.0(10.0) Dodging
 + Level 1.6(6.6) Stealth
 + Level 13.5(18.5) Shields
 + Level 1.3 Invocations
 + Level 1.5 Evocations


You had 11 spell levels left.
You didn't know any spells.
Your spell library contained the following spells:

 Spells                   Type           Power        Failure   Level  Hunger
 Flame Tongue             Conj/Fire      #....        93%         1    ##.....
 Throw Flame              Conj/Fire      #.....       98%         2    ###....
 Conjure Flame            Conj/Fire      #.......     100%        3    ####...
 Inner Flame              Hex/Fire       #.......     100%        3    ####...
 Sticky Flame             Conj/Fire      #.......     100%        4    #####..
 Fireball                 Conj/Fire      #.........   100%        5    ######.


Dungeon Overview and Level Annotations

Branches:
Dungeon (12/15)            Temple (1/1) D:5            Lair (2/6) D:8
  Snake (0/4) Lair:2          Orc (0/2) D:9           Sewer (visited)
 Bailey (visited)
  Swamp: Lair:2-4    Shoals: Lair:2-4

Altars:
Ashenzari
Cheibriados
Dithmenos
Elyvilon
Fedhas
Gozag
Hepliaklqana
Kikubaaqudgha
Makhleb
Nemelex Xobeh
Okawaru
Qazlal
Ru
Sif Muna
Trog
Uskayaw
Vehumet
Wu Jian
Xom
Yredelemnul
Zin
The Shining One

Shops:
D:7 *   D:11 [

Annotations:
Lair:1 2 runed translucent doors, Xerdoz's ghost, journeyman TrHu


Innate Abilities, Weirdness & Mutations

You reflexively headbutt those who attack you in melee.
You have a pair of horns on your head.
You are frail. (-10% HP)


Message History

The ice beast hits you but does no damage.
The ice statue gestures.
Unknown command.
You hit the ice statue.
You melt the ice statue.
You headbutt the ice statue, but do no damage.
The ice statue is almost destroyed.
You are engulfed in freezing vapours.
* * * LOW HITPOINT WARNING * * *
You are starting to lose your buoyancy.
The ice beast closely misses you. You furiously retaliate!
You headbutt the ice beast!
You hit the ice statue but do no damage.
You headbutt the ice statue.
You destroy the ice statue!
Okawaru accepts your kill.
The ice beast disappears in a puff of smoke! x2
You are engulfed in freezing vapours.
Unknown command.
You feel better.
You are engulfed in freezing vapours.
You die...

######
####
#....#
#=|.#
#....#
#|=.○##
##....#
#=|°○°#
####.....#
#≈≈°☼@##
..PP.....#
##°°°°≈##
.........#
##°°°°≈#
^.#......#
###○°°##
..##.....#
##≈≈≈#
.........#
#≈≈≈##
.........#
##≈≈≈#
.........#
#≈≈≈#
.........#
##≈≈≈#


There were no monsters in sight!

Vanquished Creatures
  2 hydras
  Erica (D:10)
  4 two-headed ogres
  Sonja (D:10)
  An unseen horror (D:12)
  Pikel (D:4)
  An orc knight (Bailey)
  2 ugly things
  2 cyclopes (D:12)
  Maurice (D:8)
  A manticore (D:12)
  Joseph (D:7)
  An ice statue (Lair:2)
  2 spiny frogs (Lair:2)
  A rime drake (Lair:2)
  2 komodo dragons
  2 trolls
  Grinder (D:5)
  A hornet (D:9)
  5 blink frogs
  5 hippogriffs
  A spriggan (D:7)
  2 wyverns
  A wraith (D:10)
  A vampire (D:11)
  Eustachio (D:4)
  A basilisk (Lair:2)
  A hungry ghost (D:8)
  2 nagas (Lair:2)
  A soldier ant (D:9)
  4 water moccasins (Lair:1)
  Duvessa (D:4)
  4 black bears
  4 ice beasts
  A slave (D:4)
  18 orc warriors
  An eye of draining (D:9)
  7 sky beasts
  4 centaurs
  7 ogres
  2 big kobolds
  6 crocodiles
  8 bullfrogs
  A wyvern zombie (D:9)
  Dowan (D:4)
  3 scorpions
  A water moccasin skeleton (D:11)
  21 killer bees
  3 electric eels
  10 wights
  5 howler monkeys
  2 crimson imps (D:8)
  A centaur zombie (D:5)
  2 bullfrog zombies
  8 hounds
  A jelly (D:8)
  6 orc priests
  Crazy Yiuf (D:4)
  29 orc wizards
  2 bullfrog skeletons
  4 iguanas
  A merfolk siren (Sewer)
  10 worker ants
  A merfolk avatar (Sewer)
  Robin (D:1)
  16 adders
  3 gnolls (D:8)
  A river rat (D:5)
  A shadow imp (D:9)
  3 adder skeletons
  6 worms
  A dart slug (D:2)
  4 leopard geckos
  56 orcs
  5 giant cockroaches
  19 goblins
  16 hobgoblins
  2 jackals (D:2)
  6 quokkas
  5 ball pythons
  8 bats
  6 frilled lizards
  A jackal skeleton (D:6)
  18 kobolds
  A leopard gecko skeleton (D:5)
  2 quokka zombies
  35 rats
  5 fungi
450 creatures vanquished.

Vanquished Creatures (others)
  A hound (D:4)
  An orc wizard (D:4)
  4 fungi (D:8)
6 creatures vanquished.

Grand Total: 456 creatures vanquished

Notes
Turn   | Place    | Note
-------+----------+-------------------------------------------
     0 | D:1      | Peloso the Minotaur Fighter began the quest for the Orb.
     0 | D:1      | Reached XP level 1. HP: 19/19 MP: 0/0
    45 | D:1      | Noticed a big kobold
    45 | D:1      | Noticed a big kobold
    47 | D:1      | Noticed a big kobold
    49 | D:1      | Noticed a big kobold
   443 | D:1      | Reached XP level 2. HP: 27/27 MP: 1/1
   733 | D:1      | You fall into a shaft and drop 1 floor!
   949 | D:2      | Noticed Robin
   965 | D:1      | Killed Robin
   988 | D:1      | Reached XP level 3. HP: 24/34 MP: 2/2
  1287 | D:2      | Reached skill level 1 in Dodging
  1287 | D:2      | Reached XP level 4. HP: 41/41 MP: 3/3
  1318 | D:2      | Found a sparkling altar of Nemelex Xobeh.
  1337 | D:2      | Found a shimmering blue altar of Sif Muna.
  1490 | D:2      | Reached skill level 3 in Long Blades
  1681 | D:2      | Noticed a sky beast
  1692 | D:2      | Killed a sky beast
  1692 | D:2      | Reached skill level 4 in Long Blades
  1692 | D:2      | Reached XP level 5. HP: 30/47 MP: 4/4
  1936 | D:3      | Reached skill level 5 in Fighting
  1944 | D:3      | Reached skill level 5 in Shields
  2026 | D:3      | Reached XP level 6. HP: 41/56 MP: 5/5
  2259 | D:3      | Found an opulent altar of Gozag.
  2319 | D:3      | Reached skill level 5 in Long Blades
  2895 | D:4      | Noticed Eustachio
  2921 | D:4      | Killed Eustachio
  2921 | D:4      | Reached skill level 6 in Long Blades
  2921 | D:4      | Reached skill level 5 in Armour
  2921 | D:4      | Reached XP level 7. HP: 59/61 MP: 6/6
  2966 | D:4      | Noticed Duvessa
  2968 | D:4      | Noticed Dowan
  2978 | D:4      | Killed Duvessa
  2985 | D:4      | Killed Dowan
  3060 | D:4      | Noticed Pikel
  3088 | D:4      | Killed Pikel
  3088 | D:4      | Reached skill level 7 in Long Blades
  3088 | D:4      | Reached XP level 8. HP: 57/70 MP: 7/7
  3487 | D:4      | Found a runed translucent door.
  3488 | D:4      | Noticed Crazy Yiuf
  3493 | D:4      | Killed Crazy Yiuf
  3572 | D:5      | Entered Level 5 of the Dungeon
  3625 | D:5      | Reached skill level 8 in Long Blades
  3708 | D:5      | Found a glowing drain.
  3739 | Sewer    | Entered a sewer
  4346 | D:5      | Reached XP level 9. HP: 59/75 MP: 8/8
  4521 | D:5      | Noticed Grinder
  4536 | D:5      | Killed Grinder
  4555 | D:5      | Found a glowing golden altar of the Shining One.
  4655 | D:5      | Found a staircase to the Ecumenical Temple.
  4702 | Temple   | Entered the Ecumenical Temple
  5146 | D:6      | Found an iron altar of Okawaru.
  5157 | D:6      | Became a worshipper of Warmaster Okawaru
  5698 | D:5      | Reached * piety under Okawaru
  5698 | D:5      | Reached skill level 9 in Long Blades
  5986 | D:7      | Found an ornate altar of the Wu Jian Council.
  6333 | D:7      | Noticed Joseph
  6344 | D:7      | Killed Joseph
  6344 | D:7      | Reached ** piety under Okawaru
  6381 | D:7      | Found Gynol's Assorted Antiques.
  6389 | D:7      | Bought a scroll labeled DEGARIO VIUT for 31 gold pieces
  6811 | D:7      | Reached skill level 10 in Long Blades
  6827 | D:7      | Reached XP level 10. HP: 67/86 MP: 7/9
  6862 | D:7      | Got an encrusted mace
  6863 | D:7      | Identified the cursed +1 mace "Onouf Tui" {flame, +Rage
                  | rElec rF++ Int-4} (You found it on level 7 of the Dungeon)
  7105 | D:8      | Noticed a two-headed ogre
  7285 | D:8      | Noticed Maurice
  7297 | D:8      | Killed Maurice
  7297 | D:8      | Reached skill level 10 in Shields
  7374 | D:8      | Reached skill level 1 in Stealth
  7427 | D:8      | Found a staircase to the Lair.
  7451 | D:8      | Reached *** piety under Okawaru
  8445 | D:9      | Reached skill level 11 in Long Blades
  8482 | D:9      | Reached **** piety under Okawaru
  8534 | D:9      | Noticed a two-headed ogre
  8545 | D:9      | Killed a two-headed ogre
  8722 | D:9      | Reached XP level 11. HP: 67/94 MP: 10/10
  9006 | D:9      | Found a bloodstained altar of Trog.
  9094 | D:9      | Reached ***** piety under Okawaru
  9431 | D:10     | Entered Level 10 of the Dungeon
  9456 | D:10     | Noticed Erica
  9463 | D:10     | Reached skill level 1 in Invocations
  9474 | D:10     | Killed Erica
  9485 | D:10     | Reached skill level 1 in Evocations
  9515 | D:10     | Got a pair of shimmering boots
  9554 | D:10     | Found a flagged portal.
  9595 | D:10     | Identified the +4 pair of boots of the Unbroken {Int+3
                  | Dex+6} (You found it on level 10 of the Dungeon)
  9598 | Bailey   | Entered a bailey
  9608 | Bailey   | Reached skill level 10 in Armour
  9888 | Bailey   | Noticed an orc knight
  9916 | Bailey   | Killed an orc knight
  9925 | Bailey   | Got an iridescent fustibalus
 10143 | Bailey   | Reached skill level 12 in Long Blades
 10240 | D:10     | Noticed a two-headed ogre
 10248 | D:10     | Killed a two-headed ogre
 10768 | D:11     | Noticed Sonja
 10768 | D:11     | Noticed a purple ugly thing
 10771 | D:10     | Killed Sonja
 10886 | D:10     | Killed a purple ugly thing
 10996 | D:9      | Received a gift from Okawaru
 11024 | D:9      | Found a staircase to the Orcish Mines.
 11145 | D:11     | Found Koisch's Antique Armour Shop.
 11186 | D:11     | Got a smoking chain mail
 11197 | D:11     | Identified the +1 chain mail "Mipsy" {*Contam rElec rF++
                  | Dex+2} (You found it on level 11 of the Dungeon)
 11209 | D:11     | Gained mutation: You are frail. (-10% HP) [mutagenic glow]
 11250 | D:11     | Bought an ichor-stained buckler for 218 gold pieces
 11256 | D:11     | Identified the cursed +0 buckler "Qein" {Str+3} (You bought
                  | it in a shop on level 11 of the Dungeon)
 12073 | D:11     | Noticed an eight-headed hydra
 12080 | D:11     | Killed a six-headed hydra
 12107 | D:11     | Reached XP level 12. HP: 82/93 MP: 12/12
 12182 | D:12     | Noticed a two-headed ogre
 12200 | D:12     | Killed a two-headed ogre
 12200 | D:12     | Reached skill level 13 in Long Blades
 12368 | D:12     | Noticed a two-headed ogre
 12372 | D:12     | Killed a two-headed ogre
 12372 | D:12     | Reached ****** piety under Okawaru
 12892 | Lair:1   | Entered Level 1 of the Lair of Beasts
 13019 | Lair:1   | Found a large runed translucent door.
 13019 | Lair:1   | Found a large runed translucent door.
 13023 | Lair:1   | Reached skill level 10 in Fighting
 13026 | Lair:1   | Noticed Xerdoz's ghost (journeyman TrHu)
 13044 | Lair:1   | Reached skill level 14 in Long Blades
 13780 | Lair:1   | Identified the +7 fustibalus "Plog" {velocity, *Slow Str+4
                  | Int+8 Dex-3} (You found it in a bailey)
 13905 | Lair:2   | Noticed an eight-headed hydra
 13918 | Lair:2   | Found a shimmering altar of Xom.
 14314 | Lair:2   | Reached skill level 5 in Dodging
 14319 | Lair:2   | Received a gift from Okawaru
 14326 | Lair:2   | Got a crude great sword {god gift}
 14395 | Lair:2   | Killed a one-headed hydra
 14902 | Lair:2   | Found a staircase to the Snake Pit.
 15392 | Lair:2   | Engulfed by a cloud of freezing vapour

Levels and vault maps discovered:
D:1:      erik_arrival_cave_to_civilisation [erik_arrival_cave_to_temple],
          layout_basic
D:2:      minmay_chambers_of_ones, layout_basic,
          nemelex_xobeh_ov_fountains_minmay, led_sif_pool, first_ration,
          uniq_robin
D:3:      layout_loops_ring, overflow_temple_1_default, minmay_fractal_squares_5
D:4:      layout_basic, roderic_lattice_a, supply_closet_lemuel, uniq_pikel,
          uniq_duvessa, uniq_crazy_yiuf_cottage, uniq_eustachio
D:5:      layout_loops_corners, temple_hall, portal_sewer_entry_a,
          nicolae_tso_carved_into_rock, uniq_grinder
D:6:      layout_rooms, okawaru_ov_weapons_minmay
D:7:      layout_loops_ring, lemuel_crystal_altar, serial_shops, shop,
          the_bakery, uniq_joseph
D:8:      layout_gridville, dpeg_oklobed_lair, uniq_maurice
D:9:      layout_roguey, kennysheep_mini_moat, david_orc_4, water_boxes_lemuel
D:10:     layout_small_grid, enter_bailey_3, kennysheep_generic_room_9,
          uniq_erica
D:11:     layout_grid_maze, serial_shops, shop_coins, uniq_sonja
D:12:     layout_basic
Temple:   nicolae_temple_elliptical
Lair:1:   layout_gridlike, ebering_ghost_disaster_area
Lair:2:   statuecave_lemuel, layout_chaotic_city, guppyfry_snake_entry_island,
          basic_altar, hangedman_lair_generics_rect

Skill      XL: |  1  2  3  4  5  6  7  8  9 10 11 12 |
---------------+-------------------------------------+-----
Fighting       | 4 5 6 7 9 10 | 10.5
Shields        | 4 5 7 8 9 11 12 13 | 13.5
Armour         | 4 5 6 8 9 10 12 | 12.1
Dodging        | 1 2 3 4 5 |  5.0
Long Blades    | 4 6 7 8 10 11 12 14 | 14.4
Stealth        | 1 |  1.6
Invocations    | 1 |  1.3
Evocations     | 1 |  1.5

Action                   |  1- 3 |  4- 6 |  7- 9 | 10-12 || total
-------------------------+-------+-------+-------+-------++-------
Melee: Long sword        |    92 |   224 |   388 |   410 ||  1114
       Headbutt          |    14 |    45 |    86 |   226 ||   371
       Scimitar          |       |       |       |   438 ||   438
Invok: Heroism           |       |       |     1 |    16 ||    17
 Abil: Evoke Flight      |       |       |     1 |     6 ||     7
Evoke: Wand              |       |       |       |    10 ||    10
  Use: Potion            |     1 |     2 |     3 |     6 ||    12
       Scroll            |       |       |     9 |     6 ||    15
 Stab: Paralysed         |       |       |       |     5 ||     5
  Eat: Chunk             |     1 |     6 |    13 |    22 ||    42
       Ration            |       |       |       |     2 ||     2
Armor: Scale mail        |    12 |       |       |       ||    12
       Chain mail        |    44 |   115 |   147 |     1 ||   307
       Plate armour      |       |       |       |   451 ||   451
Dodge: Dodged            |    15 |    66 |    86 |   309 ||   476
Block: Shield            |    67 |   118 |   190 |   383 ||   758
       Buckler           |       |       |       |   100 ||   100
       Rpst.: Long sword |     4 |    17 |    21 |    30 ||    72
       Scimitar          |       |       |       |    37 ||    37
